 Dungeon Crawl Stone Soup version 0.26.1-11-gd32895ea62 (webtiles) character file.

Game seed: 3652970780339633327

2467 Zeld the Slicer (level 9, -4/43 HPs)
             Began as a Spriggan Brigand on June 4, 2021.
             Slain by a wyvern skeleton (15 damage)
             ... on level 9 of the Dungeon.
             The game lasted 00:22:38 (24771 turns).

Zeld the Slicer (Spriggan Brigand)                 Turns: 24771, Time: 00:22:39

Health: -4/43      AC:  3    Str:  7    XL:     9   Next: 26%
Magic:  17/17      EV: 17    Int: 12    God:
Gold:   428        SH:  0    Dex: 21    Spells: 17/17 levels left

rFire    . . .     SeeInvis +   a - +2 dagger
rCold    . . .     Faith    .   (shield restricted)
rNeg     . . .     Spirit   .   b - +0 robe
rPois    .         Reflect  .   (helmet restricted)
rElec    .         Harm     .   c - +0 cloak
rCorr    .         Rampage  .   (gloves unavailable)
Will     +....                  (boots unavailable)
Stlth    ++++......             (no amulet)
HPRegen  0.14/turn              (no ring)
MPRegen  0.15/turn              (no ring)

@: very quick
A: very small, unfitting armour, see invisible, speed 3
a: no special abilities


You were on level 9 of the Dungeon.
You visited 2 branches of the dungeon, and saw 10 of its levels.
You also visited: Sewer.

You collected 428 gold pieces.

Inventory:

Hand Weapons
 a - a +2 dagger (weapon)
Missiles
 d - 7 poisoned darts (quivered)
 e - 2 curare-tipped darts
 C - 6 atropa-tipped darts
Armour
 b - a +0 robe (worn)
 c - a +0 cloak (worn)
Jewellery
 p - an uncursed ring of fire {unknown}
 x - a cursed amulet of inaccuracy {unknown}
 y - an uncursed ring of fire {unknown}
 z - an uncursed ring of magical power {unknown}
 D - a +6 ring of dexterity {unknown}
 G - a cursed ring of attention {unknown}
Scrolls
 f - 4 scrolls of enchant weapon {unknown}
 j - 7 scrolls of teleportation {unknown}
 k - 10 scrolls of identify {unknown}
 m - a scroll of random uselessness {unknown}
 n - a scroll of enchant armour {unknown}
 o - a scroll of amnesia {unknown}
 r - 6 scrolls of remove curse {unknown}
 s - a scroll of immolation {unknown}
 t - 2 scrolls of magic mapping {unknown}
 u - 2 scrolls of fear {unknown}
 w - a scroll of noise {unknown}
Potions
 g - 5 potions of flight {unknown}
 h - 3 potions of heal wounds {unknown}
 i - a potion of invisibility {unknown}
 l - a potion of haste {unknown}
 q - 2 potions of lignification {unknown}
 v - a potion of degeneration {unknown}
 A - 2 potions of attraction {unknown}
 B - 2 potions of curing
 E - a potion of mutation {unknown}
 F - 2 potions of cancellation {unknown}


   Skills:
 + Level 2.9 Fighting
 - Level 10.0 Short Blades
 - Level 6.0 Throwing
 - Level 1.5 Dodging
 * Level 8.9 Stealth
 * Level 4.8 Spellcasting


You had 17 spell levels left.
You didn't know any spells.
Your spell library contained the following spells:

 Spells                   Type           Power        Failure   Level
 Summon Small Mammal      Summ           8%           21%         1
 Call Imp                 Summ           2%           30%         2
 Call Canine Familiar     Summ           2%           52%         3
 Summon Guardian Golem    Hex/Summ       2%           52%         3
 Summon Ice Beast         Ice/Summ       2%           90%         4
 Summon Lightning Spire   Summ/Air       2%           90%         4


Dungeon Overview and Level Annotations

Branches:
Dungeon (9/15)             Temple (1/1) D:6           Sewer (visited)
   Lair: D:8-11         Orc: D:9-12

Altars:
Ashenzari
Cheibriados
Elyvilon
Fedhas
Gozag
Hepliaklqana
Kikubaaqudgha
Makhleb
Nemelex Xobeh
Okawaru
Qazlal
Ru
Sif Muna
Trog
Uskayaw
Vehumet
Wu Jian
Xom
Yredelemnul
Zin
The Shining One

Shops:
D:7 (=

Annotations:
D:6 exclusions: 2 electric eels, plant and 9 more exclusions


Innate Abilities, Weirdness & Mutations

You are very small and have problems with some larger weapons.
You are too small for most types of armour.
You have supernaturally acute eyesight. (SInv)
You cover ground extremely quickly.


Message History

The wyvern skeleton is severely damaged.
The wyvern skeleton misses you.
You are too injured to fight recklessly!
You hit the wyvern skeleton.
The wyvern skeleton is severely damaged.
The wyvern skeleton closely misses you.
You are too injured to fight recklessly!
You are too injured to fight recklessly!
You are too injured to fight recklessly!
You are too injured to fight recklessly!
You are too injured to fight recklessly!
You hit the wyvern skeleton but do no damage.
The wyvern skeleton is severely damaged.
Press: ? - help, v - describe, . - travel
Here: a wyvern skeleton (severely damaged)
The floor.
Unknown command.
Unknown command.
The wyvern skeleton bites you!
You die...

........ ...... #.......
.... #.###### .... #.#
#.. #.# #.. #.#### ##.##
#.##.##
..####...#########.#...##
..'.....@................
..####.Z.#########.#...##
#.....# #.##.## ...
#.....# #.#### ###...
#.....# #.. . ....
#.....# #.# ##.#..#
#.....# #.. ...#..#
###.### ##. ...#..## # #.
.


You could see a wyvern skeleton.

Vanquished Creatures
  7 ogres
  A big kobold (Sewer)
  6 bullfrogs
  5 scorpions
  3 vampire bats (D:6)
  3 wights (D:9)
  A howler monkey (D:4)
  An electric eel (D:6)
  3 orc priests
  3 hounds
  A bullfrog skeleton (D:5)
  A centaur skeleton (D:6)
  Crazy Yiuf (D:2)
  5 orc wizards
  4 worker ants
  Natasha (thrice) (D:4)
  Terence (D:3)
  A worker ant zombie (D:8)
  Robin (D:2)
  A howler monkey zombie (D:7)
  6 adders
  3 river rats
  A shadow imp (D:5)
  A white imp (D:5)
  An ufetubus (D:6)
  An ooze (D:2)
  2 worms
  A dart slug (D:1)
  4 leopard geckos
  14 orcs
  3 ball pythons
  8 bats
  3 bat skeletons (D:6)
  3 bat zombies (D:6)
  9 giant cockroaches
  13 goblins
  10 hobgoblins
  5 jackals
  7 kobolds
  4 quokkas
  2 frilled lizards
  A giant cockroach zombie (D:5)
  2 gnoll zombies (D:5)
  2 leopard gecko zombies (D:5)
  19 rats
177 creatures vanquished.

Vanquished Creatures (others)
  9 fungi (D:6)
  79 plants (D:6)
88 creatures vanquished.

Grand Total: 265 creatures vanquished

Notes
Turn   | Place    | Note
-------+----------+-------------------------------------------
     0 | D:1      | Zeld the Spriggan Brigand began the quest for the Orb.
     0 | D:1      | Reached XP level 1. HP: 10/10 MP: 2/2
   310 | D:1      | Reached XP level 2. HP: 14/14 MP: 3/3
   659 | D:1      | You fall into a shaft and drop 1 floor!
   662 | D:2      | Reached skill level 3 in Short Blades
  1020 | D:2      | Reached XP level 3. HP: 18/18 MP: 4/4
  1517 | D:2      | Found a glowing silver altar of Zin.
  1849 | D:2      | Found a runed translucent door.
  1850 | D:2      | Noticed Crazy Yiuf
  2222 | D:2      | Noticed Robin
  2564 | D:2      | Reached XP level 4. HP: 19/22 MP: 5/5
  3059 | D:2      | Killed Robin
  3839 | D:2      | Reached skill level 4 in Short Blades
  4148 | D:2      | Killed Crazy Yiuf
  4971 | D:3      | Reached XP level 5. HP: 25/25 MP: 6/6
  5204 | D:3      | Found an iron altar of Okawaru.
  5210 | D:3      | Noticed Terence
  5274 | D:3      | Killed Terence
  6051 | D:3      | Found a sparkling altar of Nemelex Xobeh.
  9277 | D:4      | Noticed Natasha
  9279 | D:4      | Reached skill level 5 in Short Blades
  9281 | D:4      | Killed Natasha
  9282 | D:4      | Reached XP level 6. HP: 30/30 MP: 7/7
  9316 | D:4      | Noticed Natasha
  9329 | D:4      | Killed Natasha
  9479 | D:4      | Reached skill level 5 in Throwing
 11942 | D:4      | Noticed Natasha
 12615 | D:4      | Found a shimmering blue altar of Sif Muna.
 12669 | D:4      | Killed Natasha
 12670 | D:4      | Reached skill level 6 in Short Blades
 12946 | D:4      | Found a shimmering blue altar of Sif Muna.
 13475 | D:5      | Entered Level 5 of the Dungeon
 13500 | D:5      | Reached XP level 7. HP: 33/33 MP: 8/8
 14654 | D:5      | Reached skill level 7 in Short Blades
 14972 | D:5      | Found a basalt altar of Yredelemnul.
 15141 | D:6      | Found a staircase to the Ecumenical Temple.
 15147 | Temple   | Entered the Ecumenical Temple
 15592 | D:6      | Reached skill level 8 in Short Blades
 15797 | D:6      | Found a glowing drain.
 15811 | Sewer    | Entered a sewer
 16140 | Sewer    | Reached XP level 8. HP: 12/37 MP: 9/9
 16662 | Sewer    | Found a glowing silver altar of Zin.
 17222 | D:6      | Found a blossoming altar of Fedhas.
 18379 | D:6      | Reached skill level 9 in Short Blades
 19183 | D:6      | Found an ancient bone altar of Kikubaaqudgha.
 19193 | D:6      | Reached skill level 10 in Short Blades
 19202 | D:6      | Reached skill level 1 in Spellcasting
 19788 | D:7      | Found a white marble altar of Elyvilon.
 21563 | D:7      | Found Tewuig's Jewellery Boutique.
 21631 | D:7      | Reached XP level 9. HP: 43/43 MP: 15/15
 21636 | D:7      | Found an opulent altar of Gozag.
 21850 | D:7      | Found Ideum's Antique Weapon Shoppe.
 21933 | D:8      | Found a snail-covered altar of Cheibriados.
 24181 | D:9      | Found a broken altar of Ashenzari.
 24771 | D:9      | Slain by a wyvern skeleton

Illustrated notes

Levels and vault maps discovered:
D:1:      giann_forest_graveyard, layout_basic, minmay_tree_intersection,
          st_stairs_10, minmay_octomino_e4
D:2:      layout_loops_corners, lemuel_round_altar, uniq_robin,
          uniq_crazy_yiuf_cottage
D:3:      layout_basic, overflow_temple_1_default, lemuel_round_altar,
          uniq_terence
D:4:      layout_loops_ring, overflow_temple_1_default, serial_park_tiny_1,
          uniq_natasha
D:5:      layout_rooms, lemuel_zombie_altar_yredelemnul, minivault_1
D:6:      layout_loops_ring, fedhas_altar_3, kennysheep_vampire_church,
          minmay_temple_entry_hall, serial_bayou, serial_bayou_lagoon_a,
          serial_bayou_shore_a, serial_bayou_pond_a, serial_bayou_pond_b,
          serial_bayou_pond_a, serial_bayou_lagoon_b, portal_sewer_entry_e,
          st_stairs_3
D:7:      layout_layer_cave, nicolae_overflow_crystal_walls,
          grunt_gozag_breadcrumbs, serial_shops, shop, kennysheep_mini_moat
D:8:      layout_cave_pools, cheibriados_altar_1, hangedman_decor_points
D:9:      layout_loops_corners, marbit_many_paths, lemuel_crystal_altar
Temple:   compressed_dpeg_circular_temple

Skill      XL: |  1  2  3  4  5  6  7  8  9 |
---------------+----------------------------+-----
Short Blades   | 3 4 5 6 8 10 | 10.0
Throwing       | 3 4 5 6 |  6.0
Stealth        | 7 8 |  8.9
Spellcasting   | 3 4 |  4.8
Fighting       | 2 |  2.9
Dodging        | |  1.5

Action                   |  1- 3 |  4- 6 |  7- 9 || total
-------------------------+-------+-------+-------++-------
Melee: Dagger            |   155 |   292 |   702 ||  1149
Throw: Dart              |       |    52 |    59 ||   111
 Stab: Sleeping          |    12 |    13 |    19 ||    44
       Distracted        |       |       |     1 ||     1
Armor: Robe              |    17 |    29 |    39 ||    85
Dodge: Dodged            |   109 |   173 |   326 ||   608
